Unix NetHack Version 5.0.0-0 post-release - last build May 31 2026 23:59:36 (970b52f25bf058293b47ddfd14a1e40e571c508c,branch:main).

Game began 2026-06-07 01:32:45, ended 2026-06-07 01:50:16.

Drastanta, lawful male human Knight

                                                            ----
                              ----                          |.)|
                            ---..--                         -.)|
                           --...%.|                         0@-|
                           |....%--                         G..-
                           |.)%..|                          ....
                           ---...---
                     .--------....<.
                     .^.%......^..*.
                     -....---.....).
                           .........
                           ---...
                             #-..

Drastanta the Esquire    St:13 Dx:9 Co:11 In:9 Wi:16 Ch:17  Lawful
Dlvl:6  $:66 HP:0(40) Pw:47(47) AC:4  Xp:5 T:2213 

Latest messages:
 The saddled pony hits the gnome lord.
 The gnome lord is killed!
 The gnome hits!
 You miss the gnome.
 You miss the gnome.
 You kill the gnome!
 Welcome to experience level 5.
 You hit the gnome.
 The saddled pony picks up a gnome lord corpse.
 The gnome misses!
 You kill the gnome!
 You hear some noises.
 N - an apron.
 The saddled pony drops a gnome lord corpse.
 The saddled pony drops a gnome lord corpse.
 An arrow misses you.
 The saddled pony drops a gnome lord corpse.
 You see here a gnome lord corpse.
 You are hit by an arrow.
 A little dart shoots out at you!
 You are hit by a little dart.
 You hear some noises in the distance.
 The saddled horse drops a gnome lord corpse.
 You materialize in a different location!
 You hear crashing rock.
 You are almost hit by an arrow.
 You miss the gnome.
 The gnome swings his bow.
 The gnome hits!
 You kill the gnome!
 You see here an arrow.
 You hear some noises in the distance.
 You hear crashing rock.
 You are almost hit by an arrow.
 You are hit by an arrow.
 An arrow misses you.
 An arrow misses you.
 You hear crashing rock.
 It is missed.
 You are hit by a dart.
 You see here an arrow.
 You already found a monster.  Use 'm' prefix to force another search.
 You hit the gnome.
 The aklys hits the gnome.
 The gnome is killed!
 The gnome king hits!
 You hit the gnome king!
 The gnome king hits!
 You die...
 Do you want your possessions identified? [ynq] (y) q

Inventory:
 Coins    ('$')
  $ - 66 gold pieces
 Weapons  (')')
  a - a +1 long sword (weapon in right hand)
 Armor    ('[')
  d - an uncursed +0 helmet (being worn)
  f - an uncursed +0 pair of leather gloves (being worn)
  e - an uncursed +0 small shield (being worn)
  N - an uncursed +0 alchemy smock with text "Rat: The other white meat"
  c - a blessed rusty +1 ring mail (being worn)
 Comestibles  ('%')
  K - an uncursed Can of White Monster
  z - an uncursed lembas wafer
  x - an uncursed tripe ration
  p - 2 uncursed tins of boiled jackal meat
  o - an uncursed tin of stir fried jackal meat
 Scrolls  ('?')
  A - a blessed scroll of confuse monster
  r - a cursed scroll of punishment
  q - an uncursed scroll of remove curse
  m - an uncursed scroll of scare monster
 Potions  ('!')
  L - an uncursed potion of gain energy
  B - an uncursed potion of healing
  u - an uncursed potion of invisibility
  C - an uncursed potion of monster detection
  k - an uncursed potion of object detection
  w - an uncursed potion of sleeping
  n - an uncursed potion of water
  t - a potion of unholy water
 Rings    ('=')
  s - an uncursed ring of poison resistance
  v - an uncursed ring of sustain ability
 Wands    ('/')
  E - a wand of digging (0:8)
  J - a wand of magic missile (0:5)
  G - a wand of magic missile (0:1)
  M - a wand of polymorph (0:8)
 Tools    ('(')
  I - an uncursed blindfold
 Gems/Stones  ('*')
  H - an uncursed worthless piece of red glass

Drastanta the Knight's attributes:

Background:
 You were an Esquire, a level 5 male human Knight.
 You were lawful, on a mission for Lugh
 who was opposed by Brigit (neutral) and Manannan Mac Lir (chaotic).
 You were right-handed.
 You were in the Gnomish Mines, on level 6.
 You entered the dungeon 2213 turns ago.
 It was nighttime.
 You had 174 experience points, 146 more were needed to attain level 6.

Basics:
 You had 0 out of 40 hit points.
 You had all 47 energy points (spell power).
 Your armor class was 4.
 Your wallet contained 66 zorkmids.
 Autopickup was on for '$' plus thrown.

Final Characteristics:
 Your strength was 13 (limit:18/100).
 Your dexterity was 9 (limit:18).
 Your constitution was 11 (limit:18).
 Your intelligence was 9 (limit:18).
 Your wisdom was 16 (limit:18).
 Your charisma was 17 (limit:18).

Final Status:
 You weren't hungry.
 You were unencumbered.
 You were wielding a long sword.
 You had basic skill with long sword.

Final Attributes:
 You were devoutly aligned.
 You were telepathic.
 You could jump.
 You were warded.
 Your spell casting was impaired by metallic armor.
 You are dead.

Miscellaneous:
 You didn't encounter any bones levels.
 Total elapsed playing time was 17 minutes and 30 seconds.

Major events:
 Turn
    1: Drastanta the lawful male human Knight entered the dungeon
 1538: entered the Gnomish Mines
 1577: attained the rank of Esquire (level 3)
 2213: killed by a gnome king

Spells:
 Name                 Level Category     Fail Retention
 healing                1   healing      100%  76%-100%
 wizard lock            2   matter       100%  76%-100%

Skills:
 Fighting Skills
   bare handed combat [Unskilled]
   two weapon combat  [Unskilled]
   riding             [Basic]
 Weapon Skills
   dagger             [Unskilled]
   knife              [Unskilled]
   axe                [Unskilled]
   pick-axe           [Unskilled]
   short sword        [Unskilled]
   broadsword         [Unskilled]
   long sword         [Basic]
   two-handed sword   [Unskilled]
   saber              [Unskilled]
   club               [Unskilled]
   mace               [Unskilled]
   morning star       [Unskilled]
   flail              [Unskilled]
   hammer             [Unskilled]
   polearms           [Unskilled]
   spear              [Unskilled]
   trident            [Unskilled]
   lance              [Basic]
   bow                [Unskilled]
   crossbow           [Unskilled]
 Spellcasting Skills
   attack spells      [Unskilled]
   healing spells     [Unskilled]
   clerical spells    [Unskilled]

Voluntary challenges:
 Character rerolling was not enabled.
 You never genocided any monsters.
 You never polymorphed an object.
 You never changed form.
 You used no wishes.
Achievements:
 You entered the Gnomish Mines.
 You attained the rank of Esquire.

 The Dungeons of Doom: levels 1 to 5
    Level 1:
       A fountain.
    Level 2:
    Level 3:
       A fountain.
    Level 4:
       Stairs down to The Gnomish Mines.
    Level 5:
 The Gnomish Mines: levels 5 to 6
    Level 5:
    Level 6: <- You were here.
       Final resting place for
          you, killed by a gnome king.


Vanquished creatures:
  a water nymph
  4 gnome leaders
  2 gray oozes
  a floating eye
  a dwarf
  2 rothes
  2 hobgoblins
  2 yellow molds
  a red mold
 12 gnomes
  2 gnome zombies
  a gecko
  2 jackals
  2 kobolds
  4 goblins
  a lichen
  5 newts
45 creatures vanquished.

No species were genocided or became extinct.

Game over:
                       ----------
                      /          \
                     /    REST    \
                    /      IN      \
                   /     PEACE      \
                  /                  \
                  |    Drastanta     |
                  |      66 Au       |
                  |   killed by a    |
                  |    gnome king    |
                  |                  |
                  |                  |
                  |       2026       |
                 *|     *  *  *      | *
        _________)/\\_//(\/(/\)/\//\/|_)_______

Fare thee well Drastanta the Knight...

You died in The Gnomish Mines on dungeon level 6 with 1006 points,
and 66 pieces of gold, after 2213 moves.
You were level 5 with a maximum of 40 hit points when you died.

